 Dungeon Crawl Stone Soup version 0.26-a0-708-g17f3b190f9 (webtiles) character file.

Game seed: 14631259934640284654

2478 Roikka the Chucker (level 9, -3/88 HPs)
             Began as an Ogre Arcane Marksman on Oct 29, 2020.
             Was a Believer of Okawaru.
             Slain by a centaur warrior skeleton (4 damage)
             ... on level 8 of the Dungeon.
             The game lasted 00:45:17 (14483 turns).

Roikka the Chucker (Ogre Arcane Marksman)          Turns: 14483, Time: 00:45:18

Health: -3/88      AC:  6    Str: 16    XL:     9   Next: 51%
Magic:  26/26      EV: 10    Int: 16    God:    Okawaru [**....]
Gold:   361        SH:  0    Dex: 10    Spells: 2/19 levels left

rFire    . . .     SeeInvis .   n - +1 hand axe
rCold    . . .     Faith    .   (no shield)
rNeg     + . .     Spirit   .   q - +2 robe {rN+}
rPois    .         Reflect  .   (helmet restricted)
rElec    .         Harm     .   t - +0 cloak
rCorr    .         Rampage  .   (gloves unavailable)
MR       ++...                  (boots unavailable)
Stlth    +.........             (no amulet)
HPRegen  0.24/turn              f - ring of magical power
MPRegen  0.20/turn              e - ring of protection from magic

@: no status effects
A: large, unfitting armour, blink, magic resistance 1, tough skin 1
a: Blink, Heroism, Renounce Religion


You were on level 8 of the Dungeon.
You worshipped Okawaru.
Okawaru was pleased with you.
You visited 2 branches of the dungeon, and saw 9 of its levels.

You collected 361 gold pieces.

Inventory:

Hand Weapons
 n - a +1 hand axe (weapon)
 B - a cursed +3 hand axe
Missiles
 c - 4 large rocks
 d - 2 throwing nets
 w - 2 curare-tipped darts
 x - 3 boomerangs (quivered)
Armour
 a - a +0 robe
 q - a +2 robe of positive energy (worn)
 t - a +0 cloak (worn)
Jewellery
 e - a ring of protection from magic (right hand)
 f - a ring of magical power (left hand)
Wands
 i - a wand of disintegration (15)
 r - a wand of iceblast (7)
Scrolls
 g - 3 scrolls of remove curse
 h - 4 scrolls of blinking
 j - 6 scrolls of identify
 k - a scroll of enchant armour {unknown}
 p - 3 scrolls of enchant weapon
 s - 6 scrolls of teleportation
 y - a scroll of magic mapping
Potions
 b - 3 potions of brilliance
 l - a potion of stabbing
 m - a potion of invisibility {unknown}
 o - 3 potions of haste
 u - 2 potions of lignification
 z - a potion of resistance {unknown}
 A - a potion of degeneration {unknown}


   Skills:
 + Level 5.3 Fighting
 + Level 4.0 Axes
 * Level 6.1 Throwing
 - Level 1.7 Dodging
 + Level 5.5 Spellcasting
 * Level 5.9 Hexes
 + Level 4.3 Translocations
 + Level 1.4 Fire Magic
 + Level 0.2 Invocations


You had 2 spell levels left.
You knew the following spells:

 Your Spells              Type           Power        Failure   Level
a - Corona                Hex            ###....      1%          1
b - Slow                  Hex            ###.....     1%          2
c - Portal Projectile     Hex/Tloc       ###...       5%          3
d - Inner Flame           Hex/Fire       ###.....     10%         3
e - Cause Fear            Hex            ###.......   12%         4
f - Leda's Liquefaction   Hex/Erth       ##........   38%         4

Your spell library contained the following spells:

 Spells                   Type           Power        Failure   Level


Dungeon Overview and Level Annotations

Branches:
Dungeon (8/15)             Temple (1/1) D:7
   Lair: D:8-11

Altars:
Gozag
Makhleb
Nemelex Xobeh
Okawaru
Sif Muna
Trog
Zin
The Shining One

Shops:
D:6 =


Innate Abilities, Weirdness & Mutations

You are too large for most types of armour.
You have tough skin. (AC +1)
You can translocate small distances at will.
You are resistant to hostile enchantments. (MR+)


Message History

The meliai zombie hits you.
* * * LOW HITPOINT WARNING * * *
You hit the centaur warrior skeleton.
The centaur warrior skeleton is heavily damaged.
You barely miss the meliai zombie.
The meliai zombie hits you but does no damage.
The meliai zombie hits you!
* * * LOW HITPOINT WARNING * * *
The centaur warrior skeleton hits you.
* * * LOW HITPOINT WARNING * * *
The meliai zombie barely misses you. The meliai zombie hits you.
* * * LOW HITPOINT WARNING * * *
The centaur warrior skeleton hits you.
* * * LOW HITPOINT WARNING * * *
Unknown command.
The meliai zombie hits you.
* * * LOW HITPOINT WARNING * * *
The meliai zombie hits you but does no damage.
The centaur warrior skeleton hits you.
You die...

##### #...#
###...###
..##.......#
#.....Z...#
#....@..#
.......Z...#
##.##....#.#
#.####.# #.
# #. #


You could see a meliai zombie and a centaur warrior skeleton.

Vanquished Creatures
  A water moccasin (D:7)
  A phantom (D:4)
  An orc warrior (D:6)
  2 sky beasts
  3 ice beasts
  A centaur (D:5)
  2 ogres
  5 bullfrogs
  A water moccasin zombie (D:5)
  A scorpion (D:6)
  5 wights
  A howler monkey (D:3)
  A bullfrog zombie (D:5)
  A jelly (D:6)
  A centaur skeleton (D:6)
  3 orc priests
  3 hounds
  5 orc wizards
  Ijyb (D:3)
  6 worker ants
  A gnoll (D:1)
  6 adders
  A shadow imp (D:7)
  2 white imps
  2 ufetubi
  An ooze (D:3)
  2 adder skeletons (D:5)
  An adder zombie (D:5)
  2 worms
  3 dart slugs
  7 leopard geckos
  16 orcs
  3 giant cockroaches
  12 goblins
  9 hobgoblins
  15 jackals
  5 quokkas
  A ball python (D:1)
  9 bats
  6 frilled lizards
  3 kobolds
  2 leopard gecko skeletons
  10 rats
164 creatures vanquished.

Notes
Turn   | Place    | Note
-------+----------+-------------------------------------------
     0 | D:1      | Roikka the Ogre Arcane Marksman began the quest for the
                  | Orb.
     0 | D:1      | Reached XP level 1. HP: 19/19 MP: 2/2
   589 | D:1      | Reached XP level 2. HP: 14/27 MP: 1/4
  1248 | D:1      | Learned a level 2 spell: Slow
  1354 | D:1      | Reached XP level 3. HP: 10/35 MP: 3/6
  1582 | D:1      | Learned a level 3 spell: Portal Projectile
  2721 | D:2      | Reached XP level 4. HP: 31/42 MP: 7/7
  3911 | D:3      | Reached skill level 3 in Throwing
  4027 | D:3      | Noticed Ijyb
  4055 | D:3      | Killed Ijyb
  4055 | D:3      | Reached XP level 5. HP: 22/50 MP: 9/9
  4280 | D:3      | Reached skill level 1 in Axes
  5029 | D:4      | Found a burning altar of Makhleb.
  5029 | D:4      | Found a glowing silver altar of Zin.
  5029 | D:4      | Noticed an ogre
  5058 | D:3      | Killed an ogre
  5058 | D:3      | Reached skill level 1 in Translocations
  5058 | D:3      | Reached XP level 6. HP: 52/59 MP: 10/10
  5113 | D:2      | Gained mutation: You do not regenerate when monsters are
                  | visible. [potion of mutation]
  5113 | D:2      | Gained mutation: Your muscles are strong. (Str +2) [potion
                  | of mutation]
  5356 | D:2      | Lost mutation: You do not regenerate when monsters are
                  | visible. [potion of mutation]
  5356 | D:2      | Lost mutation: Your muscles are strong. (Str +2) [potion of
                  | mutation]
  5356 | D:2      | Gained mutation: You can translocate small distances at
                  | will. [potion of mutation]
  5356 | D:2      | Gained mutation: You are resistant to hostile enchantments.
                  | (MR+) [potion of mutation]
  5387 | D:4      | Noticed a phantom
  5425 | D:4      | Noticed an angel
  5425 | D:4      | Noticed a blizzard demon
  5679 | D:4      | Killed a phantom
  6896 | D:3      | Reached XP level 7. HP: 59/67 MP: 12/12
  6930 | D:5      | Entered Level 5 of the Dungeon
  7342 | D:4      | Reached skill level 4 in Throwing
  7700 | D:5      | HP: 2/67 [ice beast (13)]
  8033 | D:5      | HP: 3/67 [ice beast (10)]
  9889 | D:5      | Learned a level 3 spell: Inner Flame
  9894 | D:5      | Learned a level 4 spell: Cause Fear
 10135 | D:6      | Reached XP level 8. HP: 40/78 MP: 14/14
 10847 | D:6      | Found an iron altar of Okawaru.
 10855 | D:6      | Became a worshipper of Warmaster Okawaru
 10969 | D:6      | Found Hahy's Jewellery Boutique.
 11300 | D:6      | Reached skill level 5 in Throwing
 11300 | D:6      | Reached skill level 5 in Hexes
 11570 | D:6      | Reached * piety under Okawaru
 11588 | D:6      | Found a glowing golden altar of the Shining One.
 11725 | D:6      | Reached skill level 5 in Spellcasting
 11731 | D:6      | Learned a level 4 spell: Leda's Liquefaction
 11809 | D:6      | Reached XP level 9. HP: 60/85 MP: 16/16
 12027 | D:7      | Found a staircase to the Ecumenical Temple.
 12034 | Temple   | Entered the Ecumenical Temple
 12245 | D:7      | Reached skill level 5 in Fighting
 12540 | D:7      | Reached ** piety under Okawaru
 12540 | D:7      | Reached skill level 1 in Fire Magic
 13101 | D:7      | Reached skill level 6 in Throwing
 13826 | D:7      | Found a shimmering blue altar of Sif Muna.
 14482 | D:8      | HP: 4/88 [centaur warrior skeleton (5)]
 14483 | D:8      | HP: 1/88 [meliai zombie (3)]
 14483 | D:8      | Slain by a centaur warrior skeleton

Illustrated notes

Levels and vault maps discovered:
D:1:      minmay_arrival_hallway, layout_rooms, moated_statue, nrook_mini_vaults
D:2:      layout_rooms
D:3:      layout_rooms, uniq_ijyb
D:4:      layout_gridville, grunt_temple_overflow_order_and_chaos_2,
          kennysheep_cross_room, minmay_checkerbox
D:5:      layout_basic
D:6:      layout_rooms, tso_metal_star, serial_shops, shop,
          chequers_serial_rivers_large_a, okawaru_altar_gauntlet_db
D:7:      layout_cave_pools, lemuel_blue_sif_altar, temple_green,
          hangedman_decor_opposing
D:8:      lemuel_bear_cage, layout_loops_ring, dancing_weapons_uskayaw,
          minivault_12
Temple:   zaba_magenta_temple

Skill      XL: |  1  2  3  4  5  6  7  8  9 |
---------------+----------------------------+-----
Spellcasting   | 2 3 4 5 |  5.5
Hexes          | 3 4 5 |  5.9
Fighting       | 2 3 4 5 |  5.3
Throwing       | 3 4 5 6 |  6.1
Axes           | 1 2 3 4 |  4.0
Translocations | 1 2 4 |  4.3
Fire Magic     | 1 |  1.4
Dodging        | |  1.7
Invocations    | |  0.2

Action                   |  1- 3 |  4- 6 |  7- 9 || total
-------------------------+-------+-------+-------++-------
Melee: Club              |   176 |    38 |       ||   214
       Unarmed           |     4 |       |       ||     4
       Hand axe          |       |   173 |   568 ||   741
Throw: Large rock        |     9 |    12 |       ||    21
       Throwing net      |     1 |       |       ||     1
       Stone             |       |    43 |    16 ||    59
       Boomerang         |       |       |    82 ||    82
 Cast: Corona            |    26 |    13 |    53 ||    92
       Slow              |     1 |    28 |    69 ||    98
       Portal Projectile |       |     1 |       ||     1
Invok: Heroism           |       |       |     1 ||     1
  Use: Scroll            |       |    10 |     3 ||    13
       Potion            |       |     3 |     5 ||     8
 Stab: Held in net/web   |     1 |       |       ||     1
       Sleeping          |       |     2 |       ||     2
Armor: Robe              |    68 |    71 |   225 ||   364
       Skin              |       |       |    22 ||    22
Dodge: Dodged            |   140 |   136 |   301 ||   577

Table legend: (Time is in decaauts)
 A = Elapsed time spent in this place.
 B = Non-inter-level travel time spent in this place.
 C = Inter-level travel time spent in this place.
 D = Time resting spent in this place.
 E = Time spent auto-exploring this place.
 F = Levels seen in this place.
 G = Mean time per level.
                   A        B        C        D        E       F      G
               +--------+--------+--------+--------+--------+-----+--------+
         Total |  14736 |  14381 |    355 |   7245 |   3399 |   9 | 1637.3 |
       Dungeon |  14734 |  14379 |    355 |   7245 |   3399 |   8 | 1841.8 |
        Temple |      1 |      1 |      0 |      0 |      0 |   1 |    1.0 |
               +--------+--------+--------+--------+--------+-----+--------+

Top non-repeatable levels by time:
     D:1: 2856 daAuts
     D:4: 2314 daAuts
     D:6: 2303 daAuts
     D:5: 2205 daAuts
     D:7: 1944 daAuts
     D:3: 1618 daAuts
     D:2: 1468 daAuts
     D:8: 24 daAuts
  Temple: 1 daAuts
